 Dungeon Sprint DCSS version 0.27-a0-604-g29a88b33a7 (webtiles) character file.

Game seed: 6295517081079204532

5378 rocky1 the Geomancer (level 10, -13/71 HPs)
             Began as an Octopode Earth Elementalist on Mar 13, 2021.
             Was a High Priest of Sif Muna.
             Mangled by a snapping turtle (29 damage)
             ... in the Dungeon (Sprint VII: "The Pits").
             The game lasted 00:11:50 (2256 turns).

rocky1 the Geomancer (Octopode Earth Elementalist)  Turns: 2256, Time: 00:11:51

Health: -13/71     AC:  1    Str: 12    XL:     10   Next: 66%
Magic:  9/23       EV: 17    Int: 23    God:    Sif Muna [*****.]
Gold:   0          SH:  0    Dex: 12    Spells: 8/27 levels left

rFire    . . .     SeeInvis .   l - +0 quarterstaff (protect)
rCold    . . .     Faith    .   (shield currently unavailable)
rNeg     . . .     Spirit   .   (helmet restricted)
rPois    .         Reflect  .   (no amulet)
rElec    .         Harm     .   h - +3 ring of intelligence
rCorr    .         Rampage  .   m - +3 ring of strength
Will     .....     NoTele   +   (no ring)
Stlth    ++++......             (no ring)
HPRegen  0.21/turn              (no ring)
MPRegen  0.18/turn              (no ring)
                                (no ring)
                                (no ring)

@: no status effects
A: almost no armour, amphibious, 8 rings, camouflage 1, gelatinous body 1,
nimble swimmer 1, tentacles
a: Renounce Religion, Channel Magic, Forget Spell, Divine Exegesis


You were in the Dungeon.
You worshipped Sif Muna.
Sif Muna was extremely pleased with you.
You visited 1 branch

Inventory:

Hand Weapons
 l - a +0 quarterstaff of protection (weapon)
Missiles
 b - 22 stones
Jewellery
 h - a +3 ring of intelligence (left tentacle)
 m - a +3 ring of strength (right tentacle)
Wands
 k - a wand of digging (4)
Scrolls
 i - 5 scrolls of amnesia
 j - a scroll of summoning
Potions
 a - 2 potions of invisibility
 c - 8 potions of curing
 d - 5 potions of heal wounds
 e - 2 potions of haste
 f - 2 potions of magic
 g - 3 potions of berserk rage
 n - a potion of might
 o - a potion of brilliance
 p - a potion of mutation


   Skills:
 - Level 7.4 Fighting
 + Level 10.1 Dodging
 + Level 6.2 Stealth
 + Level 9.4 Spellcasting
 + Level 6.4 Conjurations
 - Level 1.0 Transmutations
 + Level 14.3 Earth Magic
 + Level 10.7 Invocations
 + Level 3.9 Evocations


You had 8 spell levels left.
You knew the following spells:

 Your Spells              Type           Power      Damage    Failure   Level
a - Sandblast             Erth           100%       2d20      0%          1
b - Stone Arrow           Conj/Erth      100%       3d13      1%          3
c - Lee's Rapid Deconstr  Erth           33%        3d18*     1%          5
d - Petrify               Tmut/Erth      46%        N/A       2%          4
e - Iron Shot             Conj/Erth      27%        9d6       13%         6

Your spell library contained the following spells:

 Spells                   Type           Power      Damage    Failure   Level
 Magic Dart               Conj           100%       1d8       1%          1
 Passwall                 Tmut/Erth      38%        N/A       1%          2
 Searing Ray              Conj           80%        3d6       1%          2
 Dazzling Flash           Conj/Hex       50%        N/A       4%          3
 Corpse Rot               Necr/Air       N/A        N/A       9%          2
 Borgnjor's Vile Clutch   Necr/Erth      21%        N/A       9%          5
 Ignite Poison            Fire/Tmut/Pois 12%        N/A       16%         3
 Iskenderun's Mystic Bla  Conj/Tloc      25%        2d7       16%         4
 Sticky Flame             Conj/Fire      25%        2d5       16%         4
 Inner Flame              Hex/Fire       10%        N/A       19%         3
 Fireball                 Conj/Fire      12%        3d7       41%         5
 Animate Dead             Necr           5%         N/A       52%         4
 Dispel Undead            Necr           10%        3d9       52%         4
 Manifold Assault         Tloc           10%        N/A       52%         4
 Agony                    Necr           10%        N/A       86%         5
 Conjure Ball Lightning   Conj/Air       12%        3x3d6     94%         6
 Freezing Cloud           Conj/Ice/Air   10%        6-21      98%         6
 Lehudib's Crystal Spear  Conj/Erth      27%        10d7      99%         8
 Infestation              Necr           5%         N/A       100%        8
 Necromutation            Tmut/Necr      6%         N/A       100%        8


Dungeon Overview and Level Annotations

Branches:
Dungeon (1/1)

Altars:
Ashenzari
Cheibriados
Dithmenos
Elyvilon
Fedhas
Gozag
Hepliaklqana
Kikubaaqudgha
Makhleb
Nemelex Xobeh
Okawaru
Qazlal
Ru
Sif Muna
Trog
Uskayaw
Vehumet
Wu Jian
Xom
Yredelemnul
Zin
The Shining One
Beogh
Jiyva
Lugonu


Innate Abilities, Weirdness & Mutations

You cannot wear most types of armour.
You are amphibious.
You can wear up to eight rings at the same time.
Your skin changes colour to match your surroundings (Stealth+).
Your rubbery body absorbs attacks. (AC +1, EV +1)
You are stealthy while swimming. (Stealth+)
You have tentacles for arms and can constrict up to eight enemies at once.


Message History

The snapping turtle closely misses you.
The rakshasa hits you from afar with a +0 trident!
Casting: Lee's Rapid Deconstruction (dangerous; 1% risk of failure)
Confirm with . or Enter, or press ? or * to list all spells.
Aiming: Lee's Rapid Deconstruction (dangerous; 1% risk of failure)
Press: ? - help, Dir - move target A metal wall.
The metal wall shatters!
The blast of metal fragments hits the rakshasa!!
You kill the rakshasa!
Sif Muna accepts your kill.
The snapping turtle bites you from afar!!
Your Stealth skill increases to level 6!
Unknown command.
Casting: Lee's Rapid Deconstruction (dangerous; 1% risk of failure)
Confirm with . or Enter, or press ? or * to list all spells.
Okay, then.
Casting: Lee's Rapid Deconstruction (dangerous; 1% risk of failure)
Confirm with . or Enter, or press ? or * to list all spells.
Aiming: Petrify (dangerous; 2% risk of failure)
Press: ? - help, Shift-Dir - straight line, f - snapping turtle
Aim: a snapping turtle (chance to affect: 53%)
The snapping turtle is moving more slowly.
The snapping turtle closely misses you.
Unknown command.
Casting: Petrify (dangerous; 2% risk of failure)
Confirm with . or Enter, or press ? or * to list all spells.
Aiming: Lee's Rapid Deconstruction (dangerous; 1% risk of failure)
Press: ? - help, Dir - move target, f/p - snapping turtle Fragment what (e.g. wall or brittle monster)?: a snapping turtle (petrifying slowly)
The snapping turtle shatters!!
The snapping turtle is moderately wounded.
The snapping turtle bites you from afar!!
* * * LOW HITPOINT WARNING * * *
Casting: Lee's Rapid Deconstruction (dangerous; 1% risk of failure)
Confirm with . or Enter, or press ? or * to list all spells.
You don't have enough magic to cast this spell.
Unknown command.
The snapping turtle bites you from afar!!
You die...

###################+#
..............).@...#
....................#
##++##############t.#
..# ..# ..# ..# ..#


You could see a snapping turtle (petrifying).

Vanquished Creatures
  A rakshasa (D)
  An anaconda (D)
  A death yak (D)
  An orc knight (D)
  A black mamba (D)
  A kobold demonologist (D)
  A guardian mummy (D)
  An ice devil (D)
  A wandering mushroom (D)
  A hornet (D)
  4 dream sheep (D)
  A fire bat (D)
  A water moccasin (D)
  An orc warrior (D)
  A wolf (D)
  A centaur (D)
  Blork the orc (D)
  A bullfrog (D)
  A scorpion (D)
  A hound (D)
  2 jellies (D)
  A worker ant (D)
  A gnoll (D)
  2 leopard geckos (D)
  9 orcs (D)
  A giant cockroach (D)
  A goblin (D)
  4 jackals (D)
  A kobold (D)
  A ball python (D)
  A bat (D)
  A frilled lizard (D)
  A rat (D)
49 creatures vanquished.

Notes
Turn   | Place    | Note
-------+----------+-------------------------------------------
     0 | D        | rocky1 the Octopode Earth Elementalist began the quest for
                  | the Orb.
     0 | D        | Reached XP level 1. HP: 11/11 MP: 3/3
    22 | D        | Found a bloodstained altar of Trog.
    22 | D        | Found a shimmering blue altar of Sif Muna.
    22 | D        | Found a viscous altar of Jiyva.
    22 | D        | Found a hazy altar of Hepliaklqana.
    22 | D        | Found an opulent altar of Gozag.
    23 | D        | Found a glowing golden altar of the Shining One.
    23 | D        | Found a glowing silver altar of Zin.
    23 | D        | Found a basalt altar of Yredelemnul.
    23 | D        | Found a shimmering altar of Xom.
    23 | D        | Found an ornate altar of the Wu Jian Council.
    23 | D        | Found a sacrificial altar of Ru.
    23 | D        | Found a stormy altar of Qazlal.
    23 | D        | Found an iron altar of Okawaru.
    23 | D        | Found a sparkling altar of Nemelex Xobeh.
    23 | D        | Found a burning altar of Makhleb.
    23 | D        | Found a blossoming altar of Fedhas.
    23 | D        | Found a white marble altar of Elyvilon.
    23 | D        | Found a shadowy altar of Dithmenos.
    23 | D        | Found a snail-covered altar of Cheibriados.
    26 | D        | Found a corrupted altar of Lugonu.
    26 | D        | Found a radiant altar of Vehumet.
    27 | D        | Found an ancient bone altar of Kikubaaqudgha.
    27 | D        | Found a hide-covered altar of Uskayaw.
    27 | D        | Found a broken altar of Ashenzari.
    28 | D        | Became a worshipper of Sif Muna the Loreminder
    62 | D        | Noticed a worker ant
    71 | D        | Killed a worker ant
    72 | D        | Reached skill level 6 in Earth Magic
    72 | D        | Reached XP level 2. HP: 14/17 MP: 1/5
    72 | D        | Reached XP level 3. HP: 18/21 MP: 1/6
   259 | D        | Reached * piety under Sif Muna
   265 | D        | Reached ** piety under Sif Muna
   271 | D        | Reached skill level 7 in Earth Magic
   393 | D        | Reached *** piety under Sif Muna
   460 | D        | Noticed a bullfrog
   461 | D        | Noticed a fire bat
   461 | D        | Noticed a wolf
   461 | D        | Noticed Blork the orc
   464 | D        | Noticed a centaur
   468 | D        | Killed a fire bat
   469 | D        | Reached skill level 11 in Earth Magic
   469 | D        | Reached XP level 4. HP: 18/27 MP: 4/7
   469 | D        | Reached XP level 5. HP: 21/31 MP: 4/8
   479 | D        | Learned a level 5 spell: Lee's Rapid Deconstruction
   565 | D        | Killed a centaur
   565 | D        | Reached **** piety under Sif Muna
   566 | D        | Reached XP level 6. HP: 39/39 MP: 3/10
   653 | D        | Learned a level 3 spell: Stone Arrow
   666 | D        | Killed Blork the orc
   667 | D        | Reached XP level 7. HP: 48/48 MP: 7/13
   722 | D        | Reached ***** piety under Sif Muna
   725 | D        | Noticed a black mamba
   728 | D        | Killed a black mamba
   728 | D        | Identified Sif Muna's Grimoire of Dislocated Black Arts
                  | (Sif Muna gifted it to you in the Dungeon)
   728 | D        | Received a gift from Sif Muna
   729 | D        | Reached skill level 5 in Fighting
   729 | D        | Reached skill level 5 in Spellcasting
   729 | D        | Reached skill level 12 in Earth Magic
  1083 | D        | Reached XP level 8. HP: 57/57 MP: 10/16
  1362 | D        | Noticed a kobold demonologist
  1362 | D        | Noticed an ice devil
  1367 | D        | Killed an ice devil
  1378 | D        | Noticed an ice devil
  1380 | D        | Noticed an ice devil
  1381 | D        | Noticed a soul eater
  1383 | D        | Killed a kobold demonologist
  1748 | D        | Learned a level 4 spell: Petrify
  1763 | D        | Noticed a guardian mummy
  1764 | D        | Identified Sif Muna's Tome of Conjuration (Sif Muna gifted
                  | it to you in the Dungeon)
  1764 | D        | Received a gift from Sif Muna
  1768 | D        | Killed a guardian mummy
  1769 | D        | Reached skill level 13 in Earth Magic
  1769 | D        | Reached XP level 9. HP: 61/64 MP: 3/19
  1871 | D        | Learned a level 6 spell: Iron Shot
  1882 | D        | Noticed an anaconda
  1882 | D        | Noticed a death yak
  1885 | D        | Noticed an orc knight
  1887 | D        | Killed an anaconda
  1892 | D        | Killed a death yak
  1892 | D        | Identified Sif Muna's Volume of Harmful Evil Arts (Sif Muna
                  | gifted it to you in the Dungeon)
  1892 | D        | Received a gift from Sif Muna
  1893 | D        | HP: 3/64 [orc knight/+3 great mace (23)]
  1897 | D        | Killed an orc knight
  1898 | D        | Reached skill level 5 in Conjurations
  1898 | D        | Reached XP level 10. HP: 26/71 MP: 10/22
  1899 | D        | Reached skill level 10 in Invocations
  2130 | D        | Reached skill level 1 in Evocations
  2131 | D        | Reached skill level 14 in Earth Magic
  2161 | D        | Identified Lipeaxt's Almanac of Sinister Rites and Fire
                  | (Sif Muna gifted it to you in the Dungeon)
  2161 | D        | Received a gift from Sif Muna
  2164 | D        | Reached skill level 10 in Dodging
  2164 | D        | Reached skill level 5 in Stealth
  2250 | D        | Noticed a rakshasa
  2253 | D        | Killed a rakshasa
  2256 | D        | Mangled by a snapping turtle

Illustrated notes

Levels and vault maps discovered:
D:        pitsprint [storerooms_1, entrance_room_1, metal_vault_6, armoury_1,
          mini_pit_1, grid_room_1, main_hall_1, silver_pit, the_coven_3,
          the_vestibule_1, steel_vault_5, golden_pit, hallway_of_sentries,
          crystal_vault_5, iron_vault_2, final_vault]

Skill      XL: |  1  2  3  4  5  6  7  8  9 10 |
---------------+-------------------------------+-----
Earth Magic    | 6 11 12 13 14 | 14.3
Fighting       | 2 4 5 7 |  7.4
Dodging        | 3 4 6 7 9 10 | 10.1
Spellcasting   | 3 4 5 7 8 9 |  9.4
Invocations    | 2 4 6 8 9 10 | 10.7
Conjurations   | 5 6 |  6.4
Stealth        | 6 |  6.2
Evocations     | 3 |  3.9
Transmutations | |  1.0

Action                   |  1- 3 |  4- 6 |  7- 9 | 10-12 || total
-------------------------+-------+-------+-------+-------++-------
Melee: Quarterstaff      |    17 |     1 |    16 |       ||    34
       Constrict         |     6 |     1 |     5 |       ||    12
       Unarmed           |     1 |       |       |       ||     1
       Tentacles         |     5 |     1 |     3 |       ||     9
 Cast: Sandblast         |    10 |     2 |     6 |       ||    18
       Lee's Rapid Decon |       |     2 |    20 |    11 ||    33
       Petrify           |       |       |       |     1 ||     1
Invok: Channel Magic     |       |       |     2 |     2 ||     4
  Use: Potion            |     3 |       |     3 |       ||     6
       Scroll            |       |     1 |       |       ||     1
Armor: Skin              |     3 |       |    10 |       ||    13
Dodge: Dodged            |    20 |     1 |    35 |     4 ||    60

Table legend: (Time is in decaauts)
 A = Elapsed time spent in this place.
 B = Non-inter-level travel time spent in this place.
 C = Inter-level travel time spent in this place.
 D = Time resting spent in this place.
 E = Time spent auto-exploring this place.
 F = Levels seen in this place.
 G = Mean time per level.
                   A        B        C        D        E       F      G
               +--------+--------+--------+--------+--------+-----+--------+
         Total |   2275 |   2217 |     58 |   1752 |      0 |   1 | 2275.0 |
       Dungeon |   2275 |   2217 |     58 |   1752 |      0 |   1 | 2275.0 |
               +--------+--------+--------+--------+--------+-----+--------+

Top non-repeatable levels by time:
       D: 2275 daAuts
